 Dungeon Crawl Stone Soup version 0.26.0-10-g1f06aea511 (webtiles) character file.

Game seed: 6836848529011772612

6918 funkygono the Thaumaturge (level 10, -8/73 HPs)
             Began as a White Draconian Fire Elementalist on Jan 27, 2021.
             Was a Believer of Vehumet.
             Mangled by a yak (13 damage)
             ... on level 9 of the Dungeon.
             The game lasted 00:27:49 (11492 turns).

funkygono the Thaumaturge (DrFE)                   Turns: 11492, Time: 00:27:50

Health: -8/73      AC:  8    Str: 11    XL:     10   Next: 79%
Magic:  10/22      EV: 13    Int: 19    God:    Vehumet [**....]
Gold:   532        SH:  0    Dex: 11    Spells: 16/26 levels left

rFire    . . .     SeeInvis .   b - +5 whip (elec)
rCold    + . .     Faith    .   (no shield)
rNeg     . . .     Spirit   .   (armour unavailable)
rPois    .         Reflect  .   (helmet restricted)
rElec    .         Harm     .   n - +0 cloak
rCorr    .         Rampage  .   (no gloves)
Will     .....                  (no boots)
Stlth    +++.......             c - amulet of the acrobat
HPRegen  0.22/turn              v - ring of wizardry
MPRegen  0.18/turn              x - ring of stealth (curse)

@: no status effects
A: breathe frost, unfitting armour, cold resistance 1, cold-blooded, AC +7
a: Breathe Frost, Renounce Religion


You were on level 9 of the Dungeon.
You worshipped Vehumet.
Vehumet was pleased with you.
You visited 2 branches of the dungeon, and saw 10 of its levels.

You collected 532 gold pieces.

Inventory:

Hand Weapons
 b - a +5 whip of electrocution (weapon)
Armour
 n - a +0 cloak (worn)
 w - a scarf of invisibility
Jewellery
 c - an amulet of the acrobat (around neck)
 v - a ring of wizardry (left hand)
 x - a cursed ring of stealth (right hand)
Wands
 j - a wand of acid (10)
 l - a wand of enslavement (7)
 m - a wand of paralysis (7)
 p - a wand of iceblast (4)
Scrolls
 a - 6 scrolls of remove curse
 f - 3 scrolls of immolation
 k - 3 scrolls of teleportation
 o - 4 scrolls of identify
 q - a scroll of blinking
 s - a scroll of enchant weapon
 t - 3 scrolls of fear
Potions
 d - 4 potions of curing
 e - a potion of flight
 g - 2 potions of might
 h - a potion of degeneration
 i - 2 potions of lignification
 r - 3 potions of brilliance
 u - a potion of berserk rage


   Skills:
 + Level 1.6 Fighting
 + Level 1.7 Maces & Flails
 + Level 3.6 Dodging
 + Level 3.0 Stealth
 * Level 8.7 Spellcasting
 * Level 8.0 Conjurations
 + Level 4.1 Hexes
 + Level 7.6 Fire Magic
 * Level 2.8 Ice Magic


You had 16 spell levels left.
You knew the following spells:

 Your Spells              Type           Power        Failure   Level
a - Foxfire               Conj/Fire      100%         1%          1
b - Inner Flame           Hex/Fire       30%          1%          3
c - Fireball              Conj/Fire      19%          4%          5
d - Freeze                Ice            76%          1%          1

Your spell library contained the following spells:

 Spells                   Type           Power        Failure   Level
 Magic Dart               Conj           100%         1%          1
 Corona                   Hex            26%          1%          1
 Conjure Flame            Conj/Fire      38%          1%          3
 Sticky Flame             Conj/Fire      38%          1%          4
 Animate Skeleton         Necr           16%          3%          1
 Apportation              Tloc           16%          3%          1
 Summon Small Mammal      Summ           32%          3%          1


Dungeon Overview and Level Annotations

Branches:
Dungeon (9/15)             Temple (1/1) D:5
   Lair: D:8-11         Orc: D:9-12

Altars:
Ashenzari
Cheibriados
Dithmenos
Elyvilon
Fedhas
Gozag
Hepliaklqana
Kikubaaqudgha
Makhleb
Nemelex Xobeh
Okawaru
Qazlal
Ru
Sif Muna
Trog
Uskayaw
Vehumet
Wu Jian
Xom
Yredelemnul
Zin
The Shining One

Shops:
D:8 *


Innate Abilities, Weirdness & Mutations

You can breathe waves of freezing cold.
You can buffet flying creatures when you breathe cold.
Your icy white scales are hard. (AC +7)
You cannot fit into any form of body armour.
Your flesh is cold resistant. (rC+)
You are cold-blooded and may be slowed by cold attacks.


Message History

You have got your breath back.
The yak completely misses you.
Casting: Foxfire (safe; 1% risk of failure)
Confirm with . or Enter, or press ? or * to list all spells.
You conjure some foxfire!
The foxfire hits the yak.
The yak is severely wounded.
The foxfire hits the yak.
The yak is severely wounded.
Casting: Foxfire (safe; 1% risk of failure)
Confirm with . or Enter, or press ? or * to list all spells.
You conjure some foxfire!
Casting: Foxfire (safe; 1% risk of failure)
Confirm with . or Enter, or press ? or * to list all spells.
You conjure some foxfire!
The foxfire hits the yak.
The yak is severely wounded.
The foxfire hits the yak.
The yak is severely wounded.
The yak gores you!
You die...

##.≈.≈.≈...'..#..............#
####.).......####..............##
......#.#......###########.......
.....##........#.....#...#.......
.....####......#.....#...'.......
)....####......####'######.......
.......####.....§............####
.......#..#.....v§...........#...
.......'..#...YY@§...........#...
.......#..#...Yv.............#...
.......#..#..................#...
.......##'#..................#..#
####........######'###########..#
...#........'..#.................
..≈#........#..#............)....
.)≈≈........#'###....###'########
≈≈≈....####)....#....#...........


You could see 3 yaks.

Vanquished Creatures
  A centaur warrior (D:9)
  Maurice (D:9)
  A troll (D:9)
  Sigmund (D:3)
  7 yaks
  Duvessa (D:7)
  An eye of draining (D:9)
  An ice beast (D:8)
  2 orc warriors (D:9)
  2 phantoms
  A sky beast (D:9)
  5 ogres
  9 centaurs
  A big kobold (D:9)
  6 bullfrogs
  A wyvern zombie (D:9)
  Dowan (D:7)
  2 water moccasin skeletons (D:8)
  2 scorpions
  8 killer bees
  5 wights (D:9)
  A howler monkey (D:6)
  3 vampire bats (D:4)
  A bullfrog zombie (D:8)
  5 hounds
  10 orc wizards
  2 orc priests
  A bullfrog skeleton (D:5)
  An iguana (D:7)
  6 worker ants
  4 hound zombies
  2 hound skeletons
  A worker ant zombie (D:6)
  6 gnolls
  7 adders
  A howler monkey skeleton (D:7)
  4 shadow imps
  5 white imps
  4 ufetubi
  2 oozes
  An adder zombie (D:5)
  An adder skeleton (D:6)
  3 worms
  5 leopard geckos
  30 orcs
  12 bats
  2 bat skeletons (D:4)
  4 bat zombies (D:4)
  5 giant cockroaches
  4 hobgoblins
  12 jackals
  12 kobolds
  3 quokkas
  7 frilled lizards
  13 goblins
  A leopard gecko skeleton (D:9)
  A leopard gecko zombie (D:5)
  8 rats
249 creatures vanquished.

Vanquished Creatures (others)
  946 foxfires
  18 plants (D:1)
964 creatures vanquished.

Grand Total: 1213 creatures vanquished

Notes
Turn   | Place    | Note
-------+----------+-------------------------------------------
     0 | D:1      | funkygono the Draconian Fire Elementalist began the quest
                  | for the Orb.
     0 | D:1      | Reached XP level 1. HP: 14/14 MP: 3/3
   297 | D:1      | Reached XP level 2. HP: 20/20 MP: 3/5
  1331 | D:2      | Reached XP level 3. HP: 26/26 MP: 1/6
  1917 | D:2      | Found a faded altar of an unknown god.
  2249 | D:2      | Found a hide-covered altar of Uskayaw.
  2299 | D:2      | Learned a level 3 spell: Inner Flame
  2440 | D:3      | Reached XP level 4. HP: 33/33 MP: 4/7
  3072 | D:3      | Noticed Sigmund
  3081 | D:3      | Killed Sigmund
  3082 | D:3      | Reached XP level 5. HP: 29/39 MP: 1/10
  3082 | D:3      | Reached XP level 6. HP: 34/46 MP: 1/11
  3165 | D:3      | Learned a level 5 spell: Fireball
  3390 | D:3      | Reached skill level 5 in Fire Magic
  3684 | D:4      | Found a sacrificial altar of Ru.
  4266 | D:4      | Found an iron altar of Okawaru.
  4504 | D:4      | Found an ancient bone altar of Kikubaaqudgha.
  4508 | D:4      | Your scales start taking on an icy white colour.
  4508 | D:4      | Reached XP level 7. HP: 51/51 MP: 9/12
  4508 | D:4      | Gained mutation: Your flesh is cold resistant. (rC+) [White
                  | Draconian growth]
  4514 | D:4      | Reached skill level 1 in Hexes
  4681 | D:5      | Entered Level 5 of the Dungeon
  4887 | D:5      | Reached skill level 5 in Fire Magic
  4933 | D:5      | HP: 2/51 [orc wizard/magic dart (7)]
  5287 | D:5      | Reached XP level 8. HP: 58/58 MP: 11/15
  5310 | D:5      | Found a staircase to the Ecumenical Temple.
  5319 | Temple   | Entered the Ecumenical Temple
  6039 | D:6      | Reached skill level 1 in Fighting
  6217 | D:6      | Reached skill level 1 in Maces & Flails
  6315 | D:6      | Reached skill level 5 in Spellcasting
  6784 | D:6      | Found a white marble altar of Elyvilon.
  6788 | D:6      | Found a glowing silver altar of Zin.
  6791 | D:6      | Found a bloodstained altar of Trog.
  6977 | D:7      | Reached skill level 5 in Conjurations
  7621 | D:7      | Reached XP level 9. HP: 64/64 MP: 13/17
  7899 | D:7      | Noticed Duvessa
  7899 | D:7      | Noticed Dowan
  7965 | D:7      | Killed Duvessa
  7968 | D:7      | Killed Dowan
  8613 | D:8      | Found a radiant altar of Vehumet.
  8617 | D:8      | Became a worshipper of Vehumet
  8717 | D:8      | Found a stormy altar of Qazlal.
  9185 | D:8      | Found a shadowy altar of Dithmenos.
  9415 | D:8      | Found Upys Utz's General Store.
  9728 | D:9      | Reached * piety under Vehumet
  9728 | D:9      | Offered knowledge of Freeze by Vehumet.
  9738 | D:9      | Reached XP level 10. HP: 69/72 MP: 12/21
  9901 | D:9      | Learned a level 1 spell: Freeze
 10210 | D:9      | Noticed Maurice
 10218 | D:9      | Killed Maurice
 10219 | D:9      | Reached skill level 1 in Ice Magic
 10578 | D:9      | Noticed a centaur warrior
 10594 | D:9      | Killed a centaur warrior
 11192 | D:9      | Reached ** piety under Vehumet
 11192 | D:9      | Offered knowledge of Magic Dart by Vehumet.
 11479 | D:9      | HP: 2/73 [yak (9)]
 11492 | D:9      | Mangled by a yak

Illustrated notes

Levels and vault maps discovered:
D:1:      psy_arrival_conway, layout_rooms, wad_woods_river_04, kennysheep_boxes
D:2:      layout_rooms, eat_drink_and_be_merry_uskayaw,
          chequers_ecumenical_altar_simple
D:3:      layout_loops_corners, amcnicky_mini_rare_corridor_liquid,
          minmay_misc_feat_more_columns, uniq_sigmund
D:4:      layout_basic, hangedman_ru_absence, kennysheep_mini_moat,
          kennysheep_vampire_church
D:5:      layout_basic, minmay_temple_entry_waves, fountainhead
D:6:      layout_basic, minmay_overflow_temple_star_quad, minmay_misc_feat_x,
          minivault_27
D:7:      layout_gridville, enter_bailey_3, grunt_decor_arrowhead, uniq_duvessa
D:8:      layout_rooms, nicolae_qazlal_general_emergency, vehumet_crystals,
          nicolae_dithmenos_shadow_blocks, serial_shops,
          nicolae_shop_window_shopping
D:9:      layout_gridville, serial_rivers, chequers_serial_rivers_micro_c,
          chequers_serial_rivers_micro_a, chequers_serial_rivers_room_a,
          chequers_serial_rivers_small_a, chequers_serial_rivers_micro_b,
          chequers_serial_rivers_marsh, uniq_maurice
Temple:   minmay_temple_bridge_abc

Skill      XL: |  1  2  3  4  5  6  7  8  9 10 |
---------------+-------------------------------+-----
Fire Magic     | 4 4 5 6 7 |  7.6
Stealth        | 2 3 |  3.0
Conjurations   | 2 3 4 5 6 8 |  8.0
Dodging        | 2 3 |  3.6
Spellcasting   | 3 4 5 7 8 |  8.7
Hexes          | 1 2 3 4 |  4.1
Fighting       | 1 |  1.6
Maces & Flails | 1 |  1.7
Ice Magic      | 2 |  2.8

Action                   |  1- 3 |  4- 6 |  7- 9 | 10-12 || total
-------------------------+-------+-------+-------+-------++-------
Melee: Club              |    74 |    10 |    22 |       ||   106
       Tailslap          |    13 |     2 |     5 |     4 ||    24
       Whip              |       |       |    41 |    19 ||    60
 Cast: Foxfire           |    71 |    94 |   309 |    94 ||   568
       Inner Flame       |       |     4 |    10 |    13 ||    27
       Fireball          |       |       |       |     8 ||     8
 Abil: Breathe Frost     |       |       |     4 |     1 ||     5
  Use: Scroll            |     8 |     1 |    12 |       ||    21
       Potion            |       |       |     6 |       ||     6
 Stab: Sleeping          |       |       |     1 |       ||     1
Armor: Skin              |    10 |    18 |    50 |    14 ||    92
Dodge: Dodged            |    36 |    46 |   195 |    43 ||   320
